[Event "Titled Tuesday Blitz March 28 Early 2023"]
[White "Kosakowski, Jakub"]
[Black "Castellanos Villela, Alejandro"]
[WhiteFideId "1185080"]
[BlackFideId "3446379"]
[WhiteElo "2488"]
[BlackElo "2102"]
[Result "1-0"]
[Round "08"]
[TimeControl "180+2"]
[Date "2023.03.28"]
[WhiteClock "0:01:01"]
[BlackClock "0:00:04"]

1. d4 Nf6 2. Nf3 e6 3. c4 c5 4. d5 exd5 5. cxd5 d6 6. Nc3 g6 7. g3 Bg7 8. Bg2 O-O 9. O-O Re8 10. Nd2 a6 11. a4 Nbd7 12. a5 b5 13. axb6 Nxb6 14. Nb3 Nc4 15. Ra4 Nb6 16. Ra2 Nc4 17. Re1 a5 18. e4 Ba6 19. Bf4 Rb8 20. Bf1 Qb6 21. Nxa5 Nxa5 22. Bxa6 Qxa6 23. Qa4 Ra8 24. Rea1 Qd3 25. Qb5 Qxb5 26. Nxb5 Nxe4 27. Nc7 g5 28. Be3 Nc4 29. Rxa8 Rxa8 30. Rxa8+ Bf8 31. Bc1 Kg7 32. Ra4 Ned2 33. b3 Nf3+ 34. Kg2 Ncd2 35. Ne8+ Kg6 36. Nxd6 Bxd6 37. Ra6 Ne1+ 38. Kh1 Ne4 39. Be3 Kf5 40. Ra7 Be5 41. Rxf7+ Kg6 42. Re7 Kf6 43. Re6+ Kf5 44. g4+ Kxg4 45. Rxe5 Kf3 46. Rxe4 Kxe4 47. d6 1-0


[Site "https://www.chess.com"]

[Event "Titled Tuesday Blitz March 28 Early 2023"]
[White "Zemlyanskii, Ivan"]
[Black "Nurmanova, Alua"]
[WhiteFideId "24249971"]
[BlackFideId "13729390"]
[WhiteElo "2233"]
[BlackElo "2253"]
[Result "0-1"]
[Round "08"]
[TimeControl "180+2"]
[Date "2023.03.28"]
[WhiteClock "0:00:19"]
[BlackClock "0:00:39"]

1. d4 Nf6 2. c4 g6 3. h4 h5 4. Nc3 Bg7 5. Bg5 O-O 6. e4 d6 7. Be2 c5 8. d5 e6 9. g4 exd5 10. gxh5 Qa5 11. Bxf6 Bxf6 12. hxg6 Bxc3+ 13. bxc3 Qxc3+ 14. Kf1 fxg6 15. Qxd5+ Kg7 16. Rd1 Nc6 17. h5 Qg3 18. f3 Nd4 19. hxg6 Qxg6 20. Rh2 Be6 21. Qxb7+ Kf6 22. Qc7 Rg8 23. Nh3 Bxh3+ 24. Kf2 Qg3+ 25. Ke3 Qxh2 26. Rd2 Rae8 27. Qh7 Qg1+ 28. Kd3 Qb1+ 29. Ke3 Nf5+ 30. Kf4 Qc1 0-1


[Site "https://www.chess.com"]

[Event "Titled Tuesday Blitz March 28 Early 2023"]
[White "Bilan, Danila"]
[Black "Molina, Roberto Junio Brito"]
[WhiteFideId "24161918"]
[BlackFideId "2109450"]
[WhiteElo "2182"]
[BlackElo "2376"]
[Result "1/2-1/2"]
[Round "08"]
[TimeControl "180+2"]
[Date "2023.03.28"]
[WhiteClock "0:00:03"]
[BlackClock "0:00:22"]

1. d4 d5 2. Nf3 Nf6 3. c4 c6 4. Nc3 dxc4 5. e3 b5 6. a4 b4 7. Na2 e6 8. Bxc4 Be7 9. O-O O-O 10. Bd2 a5 11. Nc1 Nbd7 12. Nb3 Qb6 13. Qe2 c5 14. dxc5 Nxc5 15. Nxc5 Bxc5 16. e4 Bb7 17. e5 Nd7 18. Bf4 Rfd8 19. Rad1 Nf8 20. Bg5 Rxd1 21. Rxd1 Ng6 22. h4 h6 23. Bc1 Rd8 24. Rxd8+ Qxd8 25. h5 Ne7 26. Be3 Bxe3 27. Qxe3 Nf5 28. Qd2 Qc7 29. Qf4 Bxf3 30. gxf3 Qc5 31. b3 Qd4 32. Qxd4 Nxd4 33. Kg2 g5 34. Kg3 f5 35. f4 g4 36. f3 gxf3 37. Kf2 Kf7 38. Ke3 Nc6 39. Kxf3 Ke7 40. Ke3 Kd7 41. Bb5 Kc7 42. Bxc6 Kxc6 43. Kd4 Kb6 44. Kc4 Kc6 45. Kd4 Kb6 46. Kc4 Kc6 47. Kd4 1/2-1/2


[Site "https://www.chess.com"]

[Event "Titled Tuesday Blitz March 28 Early 2023"]
[White "Karolczuk, Iwo"]
[Black "Belov, Alexei"]
[WhiteFideId "21816972"]
[BlackFideId "4128206"]
[WhiteElo "2348"]
[BlackElo "2559"]
[Result "1/2-1/2"]
[Round "08"]
[TimeControl "180+2"]
[Date "2023.03.28"]
[WhiteClock "0:00:08"]
[BlackClock "0:00:10"]

1. e4 e6 2. d4 d5 3. Nd2 Nf6 4. Bd3 c5 5. dxc5 Nc6 6. Ngf3 dxe4 7. Nxe4 Nxe4 8. Bxe4 Qxd1+ 9. Kxd1 Bxc5 10. Ke2 Bd7 11. c3 f6 12. a4 a5 13. Rd1 e5 14. Rd5 b6 15. Be3 Bxe3 16. Kxe3 O-O-O 17. Rad1 Ne7 18. Rd6 Bxa4 19. R1d2 Kc7 20. Re6 Rxd2 21. Nxd2 Re8 22. Nc4 Bb3 23. Nd6 Bxe6 24. Nxe8+ Kd7 25. Nxg7 f5 26. Nxe6 Kxe6 27. Bb7 Nd5+ 28. Kd3 Kd6 29. Kc4 Nc7 30. f3 b5+ 31. Kd3 Kc5 32. Bc8 f4 33. Ke4 Kd6 34. Bb7 Ne6 35. Kf5 Nc5 36. Be4 Na4 37. b3 Nxc3 38. Bd3 a4 39. bxa4 bxa4 40. Bc4 a3 41. g3 fxg3 42. hxg3 a2 43. Bxa2 Nxa2 44. f4 exf4 45. gxf4 Ke7 46. Kg5 Kf7 47. Kh6 Kg8 48. f5 Nb4 49. f6 Nd5 50. f7+ Kxf7 51. Kxh7 1/2-1/2


[Site "https://www.chess.com"]

[Event "Titled Tuesday Blitz March 28 Early 2023"]
[White "Fiorito, Joaquin"]
[Black "Krysa, Leandro"]
[WhiteFideId "180173"]
[BlackFideId "116807"]
[WhiteElo "2157"]
[BlackElo "2485"]
[Result "1-0"]
[Round "08"]
[TimeControl "180+2"]
[Date "2023.03.28"]
[WhiteClock "0:02:05"]
[BlackClock "0:00:22"]

1. d4 Nf6 2. c4 g6 3. Nc3 d5 4. Nf3 Bg7 5. h4 c6 6. cxd5 cxd5 7. Bf4 Nc6 8. e3 O-O 9. Qb3 Na5 10. Qa3 a6 11. Be2 Re8 12. Ne5 Bf8 13. b4 Nc6 14. Qb2 h5 15. O-O Bf5 16. Rfc1 Rc8 17. Nxc6 Rxc6 18. b5 axb5 19. Bxb5 Rb6 20. Na4 Bd7 21. Nxb6 Qxb6 22. Rab1 Bxb5 23. Qxb5 Qa7 24. Be5 Rd8 25. a4 Ng4 26. Bc7 Ra8 27. a5 e6 28. Qxb7 Ba3 29. Qxa7 Rxa7 30. Rc2 1-0


[Site "https://www.chess.com"]

[Event "Titled Tuesday Blitz March 28 Early 2023"]
[White "Salemgareev, Tagir"]
[Black "Jeet, Jain"]
[WhiteFideId "24199052"]
[BlackFideId "5073022"]
[WhiteElo "2366"]
[BlackElo "2067"]
[Result "1-0"]
[Round "08"]
[TimeControl "180+2"]
[Date "2023.03.28"]
[WhiteClock "0:00:11"]
[BlackClock "0:00:01"]

1. Nf3 Nf6 2. g3 b6 3. Bg2 Bb7 4. O-O g6 5. d4 Bg7 6. c4 e6 7. Nc3 O-O 8. Qc2 d5 9. cxd5 exd5 10. Bf4 c6 11. b4 Re8 12. Rfd1 Ne4 13. Nxe4 dxe4 14. Ne5 Qe7 15. a3 f6 16. Nc4 g5 17. Bxb8 Raxb8 18. Ne3 Qe6 19. Qc4 Qxc4 20. Nxc4 Ba6 21. Rac1 Re6 22. Bh3 Re7 23. e3 Rd8 24. Nd2 Bb7 25. Bf5 Rde8 26. Rc2 Bf8 27. Rdc1 Kg7 28. g4 h6 29. Rxc6 Bxc6 30. Rxc6 Kf7 31. Kg2 Kg7 32. b5 Rf7 33. a4 Rfe7 34. Nc4 Rf7 35. Nd2 Rfe7 36. Kg3 Kf7 37. h4 gxh4+ 38. Kxh4 Kg7 39. Nf1 Rb7 40. Ng3 Rbe7 41. Nh5+ Kh8 42. Nxf6 Ra8 43. Nxe4 Rb7 44. d5 a6 45. d6 axb5 46. axb5 Rd8 47. d7 Kg7 48. Kg3 Be7 49. Kf3 Bf8 50. Nd6 Bxd6 51. Rxd6 Kf7 52. Rxh6 Ke7 53. Rc6 Kf7 54. g5 Ke7 55. Kg4 Ra7 56. f4 Ra3 57. e4 Ra1 58. Be6 Rg1+ 59. Kf5 Rf8+ 60. Ke5 Rb1 61. Rxb6 Rd8 62. f5 Rc1 63. f6+ Kf8 64. g6 Rc5+ 65. Kf4 Rg5 66. Kxg5 1-0


[Site "https://www.chess.com"]

[Event "Titled Tuesday Blitz March 28 Early 2023"]
[White "Arias, Juan Cruz"]
[Black "Mikhailovsky, Vladimir"]
[WhiteFideId "118540"]
[BlackFideId "34105414"]
[WhiteElo "2243"]
[BlackElo "2293"]
[Result "0-1"]
[Round "08"]
[TimeControl "180+2"]
[Date "2023.03.28"]
[WhiteClock "0:00:54"]
[BlackClock "0:01:24"]

1. e4 e5 2. Nc3 Bc5 3. Bc4 d6 4. d3 Nc6 5. h3 Be6 6. Nge2 Nge7 7. O-O O-O 8. Kh1 Bxc4 9. dxc4 f5 10. f3 f4 11. Na4 Bb6 12. Nxb6 axb6 13. Nc3 g5 14. Nd5 Ng6 15. Bd2 h5 16. Be1 Qd7 17. Kg1 Rf7 18. c3 Raf8 19. Kf2 Rg7 20. Ke2 g4 21. hxg4 hxg4 22. Bf2 g3 23. Bg1 Nh4 24. b4 Nxg2 25. c5 bxc5 26. bxc5 Nh4 27. Rb1 Na5 28. cxd6 cxd6 29. Qd3 Qa4 30. Rb2 Nc4 31. Rc2 g2 32. Rfc1 Rg3 33. Nb4 Ne3 34. Bxe3 fxe3 35. Qd5+ Rf7 36. Rg1 Nxf3 37. Rcc1 Nxg1+ 38. Rxg1 Qa3 39. Nd3 Qxc3 40. Rc1 Qd2# 0-1


[Site "https://www.chess.com"]

[Event "Titled Tuesday Blitz March 28 Early 2023"]
[White "Defend1r"]
[Black "Cherniaiev, Tykhon"]
[BlackFideId "14182360"]
[WhiteElo "2548"]
[BlackElo "2450"]
[Result "0-1"]
[Round "08"]
[TimeControl "180+2"]
[Date "2023.03.28"]
[WhiteClock "0:00:15"]
[BlackClock "0:00:07"]

1. e4 e5 2. Nf3 Nc6 3. Bc4 Nf6 4. d4 exd4 5. e5 d5 6. Bb5 Ne4 7. Nxd4 Bc5 8. Be3 Bxd4 9. Bxd4 Qg5 10. O-O Bh3 11. Qf3 Bg4 12. Qe3 Qg6 13. Bxc6+ bxc6 14. f3 Bh3 15. Qe2 Ng5 16. Kh1 Bf5 17. Na3 Ne6 18. Be3 d4 19. Bd2 h5 20. Bb4 a5 21. Be1 d3 22. Qd2 dxc2 23. Bf2 Rd8 24. Qxa5 Nf4 25. Bg3 Ne2 26. Bf2 h4 27. Qa4 h3 28. g3 c1=Q 29. Raxc1 Nxc1 30. Rxc1 O-O 31. Nc4 Bd3 32. Ne3 Be2 33. Qf4 c5 34. Re1 Rd4 35. Qf5 Qxf5 36. Nxf5 Bxf3+ 37. Kg1 Rd2 38. Bxc5 Rg2+ 39. Kf1 Rd8 40. Bd4 Bg4 41. Bg1 Bxf5 42. e6 Bd3+ 43. Re2 Bxe2+ 44. Ke1 Rd1# 0-1


[Site "https://www.chess.com"]

[Event "Titled Tuesday Blitz March 28 Early 2023"]
[White "Koellner, Ruben Gideon"]
[Black "Korchmar, Vasiliy"]
[WhiteFideId "12993093"]
[BlackFideId "24131750"]
[WhiteElo "2303"]
[BlackElo "2370"]
[Result "1-0"]
[Round "08"]
[TimeControl "180+2"]
[Date "2023.03.28"]
[WhiteClock "0:01:33"]
[BlackClock "0:00:03"]

1. d4 d5 2. Nf3 Nf6 3. Nbd2 Bg4 4. e3 e6 5. h3 Bh5 6. g4 Bg6 7. Ne5 Nfd7 8. Nxg6 hxg6 9. Bg2 c5 10. c4 cxd4 11. exd4 Nc6 12. cxd5 exd5 13. O-O Bd6 14. Re1+ Kf8 15. Nb1 Qf6 16. Be3 Re8 17. Nc3 Nb6 18. a4 a5 19. Qd3 Kg8 20. Qb5 Bc7 21. Nxd5 Nxd5 22. Qxd5 Nb4 23. Qxb7 Qd6 24. Rac1 Qh2+ 25. Kf1 Bd6 26. Rc8 Rxc8 27. Qxc8+ Kh7 28. Qb7 Re8 29. Qxf7 Re7 30. Qf3 Nc2 31. Re2 Nb4 32. Bf4 Rxe2 33. Bxh2 1-0


[Site "https://www.chess.com"]

[Event "Titled Tuesday Blitz March 28 Early 2023"]
[White "Skvortsov, Andrei"]
[Black "Girya, Olga"]
[WhiteFideId "24108600"]
[BlackFideId "4195752"]
[WhiteElo "2259"]
[BlackElo "2263"]
[Result "0-1"]
[Round "08"]
[TimeControl "180+2"]
[Date "2023.03.28"]
[WhiteClock "0:00:11"]
[BlackClock "0:00:03"]

1. e4 e5 2. Nf3 Nc6 3. d4 exd4 4. Nxd4 Nf6 5. Nxc6 bxc6 6. e5 Qe7 7. Qe2 Nd5 8. c4 Ba6 9. f4 d6 10. b3 dxe5 11. Ba3 Nb4 12. fxe5 O-O-O 13. Qe4 Nc2+ 14. Qxc2 Qxe5+ 15. Be2 Bxa3 16. O-O Bc5+ 17. Kh1 Bd4 18. Rf5 Qe3 19. Na3 Bxa1 20. Rf3 Qe5 21. b4 Rhe8 22. Bd3 Bd4 23. Qa4 Bb7 24. Nc2 c5 25. Rf5 Qxf5 26. Bxf5+ Kb8 27. Bg4 Bc3 28. h4 cxb4 29. Qb5 a6 30. Qc5 Rd2 31. Bf3 Bxf3 32. Nxb4 Rd1+ 33. Kh2 Bxb4 34. Qxb4+ Bb7 35. Qa4 Red8 36. c5 R1d4 37. Qb3 Rxh4+ 38. Kg3 Rhd4 39. c6 Rd3+ 40. Qxd3 Rxd3+ 41. Kf2 Bxc6 0-1


[Site "https://www.chess.com"]

[Event "Titled Tuesday Blitz March 28 Early 2023"]
[White "lemayvega"]
[Black "Papasimakopoulos, Alexandros"]
[BlackFideId "4244125"]
[WhiteElo "2542"]
[BlackElo "2359"]
[Result "0-1"]
[Round "08"]
[TimeControl "180+2"]
[Date "2023.03.28"]
[WhiteClock "0:00:13"]
[BlackClock "0:00:12"]

1. e4 h6 2. d4 g6 3. c4 Bg7 4. Nc3 d6 5. Be3 Nd7 6. Qd2 e5 7. f3 c6 8. Nge2 f5 9. O-O-O f4 10. Bf2 Qe7 11. Kb1 Ngf6 12. dxe5 dxe5 13. Nc1 O-O 14. Be2 Nc5 15. Qd6 Qxd6 16. Rxd6 Ne6 17. Rhd1 Re8 18. c5 Bf8 19. Bc4 Bxd6 20. Rxd6 Kg7 21. Nd3 Nc7 22. b4 Bd7 23. Nb2 Rad8 24. Bb3 Be6 25. Rxd8 Rxd8 26. Kc2 Kf7 27. Nc4 Bxc4 28. Bxc4+ Ke7 29. Nd1 Ne6 30. Bxe6 Kxe6 31. Nb2 g5 32. Nd3 h5 33. Be1 g4 34. Bc3 Nd7 35. Kd2 gxf3 36. gxf3 Rg8 37. Ne1 Rg1 38. a4 Rh1 39. Ke2 Rxh2+ 40. Kd3 a5 41. Nc2 axb4 42. Bxb4 h4 43. Na3 h3 44. Nc4 Ra2 45. a5 h2 46. Nd6 h1=Q 47. Nxb7 Qd1+ 48. Kc3 Qc2# 0-1


[Site "https://www.chess.com"]

[Event "Titled Tuesday Blitz March 28 Early 2023"]
[White "Rendle, Thomas E"]
[Black "Cori T., Deysi"]
[WhiteFideId "408760"]
[BlackFideId "3801934"]
[WhiteElo "2428"]
[BlackElo "2292"]
[Result "0-1"]
[Round "08"]
[TimeControl "180+2"]
[Date "2023.03.28"]
[WhiteClock "0:00:04"]
[BlackClock "0:00:14"]

1. e4 e6 2. d4 d5 3. e5 c5 4. c3 Nc6 5. Nf3 Nge7 6. Na3 Bd7 7. Nc2 Rc8 8. h4 b5 9. dxc5 Ng6 10. Bxb5 Bxc5 11. Bxc6 Bxc6 12. h5 Ne7 13. h6 gxh6 14. Ncd4 Qc7 15. Bxh6 Rg8 16. g3 Bb7 17. Qd3 Ng6 18. Rh5 Qb6 19. O-O-O Ba6 20. Qc2 Qa5 21. Kb1 Bc4 22. Nb3 Qa6 23. Nfd4 Bb6 24. Bc1 Rg7 25. f4 Nf8 26. f5 Bxd4 27. Rxd4 Rxg3 28. Ka1 Rg1 29. Rd1 Rxd1 30. Qxd1 Be2 31. Qh1 Bxh5 32. Qxh5 Qd3 33. fxe6 Nxe6 34. a3 Rb8 35. Nd2 Qc2 36. Qh1 Nc5 37. Ka2 Nd3 38. Nb3 Qxb3+ 39. Ka1 Qc2 40. e6 Qxc1+ 41. Qxc1 Nxc1 0-1


[Site "https://www.chess.com"]

[Event "Titled Tuesday Blitz March 28 Early 2023"]
[White "Hamitevici, Vladimir"]
[Black "Alinasab, Mobina"]
[WhiteFideId "13902393"]
[BlackFideId "12528897"]
[WhiteElo "2401"]
[BlackElo "2141"]
[Result "1-0"]
[Round "08"]
[TimeControl "180+2"]
[Date "2023.03.28"]
[WhiteClock "0:00:29"]
[BlackClock "0:00:05"]

1. e4 c5 2. d4 cxd4 3. c3 d3 4. c4 d6 5. Nc3 e6 6. Bxd3 Nf6 7. Be3 b6 8. Rc1 Bb7 9. f4 Nbd7 10. Qf3 a6 11. Nh3 Be7 12. Nf2 Qc7 13. g4 g6 14. h4 Rc8 15. h5 gxh5 16. g5 Ng4 17. Nxg4 hxg4 18. Qxg4 Nb8 19. Ke2 Nc6 20. Nd5 exd5 21. cxd5 Qd7 22. Qxd7+ Kxd7 23. dxc6+ Bxc6 24. Bd4 Rhf8 25. Rxh7 b5 26. e5 Bf3+ 27. Kd2 Rxc1 28. Bf5+ Kc6 29. Kxc1 Kd5 30. Bc3 dxe5 31. Bxe5 Bc5 32. Kd2 Bb4+ 33. Ke3 Bd1 34. Be4+ Ke6 35. Bd4 Rd8 36. f5+ Kd6 37. Rxf7 Re8 38. g6 Bc2 39. Rf6+ Kd7 40. Re6 Bxe4 41. Rxe8 1-0


[Site "https://www.chess.com"]

[Event "Titled Tuesday Blitz March 28 Early 2023"]
[White "Matinian, Nikita"]
[Black "Shevtchenko, Olesya"]
[WhiteFideId "24129100"]
[BlackFideId "24131890"]
[WhiteElo "2422"]
[BlackElo "2003"]
[Result "1-0"]
[Round "08"]
[TimeControl "180+2"]
[Date "2023.03.28"]
[WhiteClock "0:00:27"]
[BlackClock "0:00:02"]

1. e4 c5 2. Nf3 d6 3. d4 cxd4 4. Nxd4 Nf6 5. Nc3 Nc6 6. Bg5 e6 7. Qd3 Bd7 8. O-O-O a6 9. f4 b5 10. Nxc6 Bxc6 11. Qg3 b4 12. e5 bxc3 13. Qxc3 Qb6 14. exf6 gxf6 15. Qxf6 Rg8 16. Bc4 Rg6 17. Qh8 h6 18. Bf6 Qe3+ 19. Kb1 Qxf4 20. Bxe6 Qxf6 21. Bxf7+ Kxf7 22. Rhf1 Bg7 23. Rxf6+ Rxf6 24. Qh7 Rb8 25. b3 a5 26. Qd3 a4 27. Qa6 d5 28. Qa7+ Rb7 29. Qa5 axb3 30. axb3 Rd7 31. g4 Re6 32. h4 d4 33. Qf5+ Rf6 34. Qh5+ Kf8 35. g5 hxg5 36. hxg5 Rfd6 37. Rf1+ Ke7 38. Rf7+ Kd8 39. Rxg7 Rxg7 40. Qh8+ Kc7 41. Qxg7+ Bd7 42. Qe5 Kc6 43. Qe4+ Kc5 44. g6 Bc6 45. Qf5+ Rd5 46. Qf8+ Kb5 47. g7 d3 48. c4+ 1-0


[Site "https://www.chess.com"]

[Event "Titled Tuesday Blitz March 28 Early 2023"]
[White "Zhao, Jun"]
[Black "Osinenko, Anton"]
[WhiteFideId "8602522"]
[BlackFideId "4158970"]
[WhiteElo "2547"]
[BlackElo "2294"]
[Result "1-0"]
[Round "08"]
[TimeControl "180+2"]
[Date "2023.03.28"]
[WhiteClock "0:01:28"]
[BlackClock "0:01:12"]

1. Nf3 c5 2. g3 g6 3. Bg2 Bg7 4. O-O e6 5. d4 cxd4 6. Nxd4 Nc6 7. Nb5 d5 8. c4 a6 9. cxd5 exd5 10. N5c3 d4 11. Nd5 Be6 12. Nf4 Bd7 13. Nd3 Qb6 14. Na3 Be6 15. Nf4 Bf5 16. Nc4 Qc7 17. Nd5 Qd8 18. Bf4 g5 19. Bc7 Qd7 20. Ncb6 Qe6 21. Nxa8 Nge7 22. Nab6 1-0


[Site "https://www.chess.com"]

[Event "Titled Tuesday Blitz March 28 Early 2023"]
[White "Jessel, Stephen"]
[Black "Lukas2010"]
[WhiteFideId "628859"]
[WhiteElo "2268"]
[BlackElo "2530"]
[Result "1/2-1/2"]
[Round "08"]
[TimeControl "180+2"]
[Date "2023.03.28"]
[WhiteClock "0:00:04"]
[BlackClock "0:00:04"]

1. g3 e5 2. c4 Nf6 3. Bg2 Be7 4. Nc3 O-O 5. Nf3 Nc6 6. O-O d6 7. d4 Bg4 8. dxe5 dxe5 9. h3 Be6 10. b3 h6 11. Bb2 e4 12. Nd2 e3 13. Nde4 exf2+ 14. Rxf2 Qxd1+ 15. Rxd1 Rad8 16. e3 Rxd1+ 17. Nxd1 Nxe4 18. Bxe4 Rd8 19. Nc3 Bxh3 20. Kh2 Be6 21. Nb5 Rd7 22. Bxc6 bxc6 23. Nxa7 c5 24. Nc6 Bg5 25. Ne5 Rd1 26. e4 Be3 27. Re2 Bd4 28. Nc6 Bg4 29. Rc2 Bg1+ 30. Kg2 Be3 31. Ne7+ Kf8 32. Nf5 Rg1+ 33. Kh2 Bf3 34. g4 Bxe4 35. Nxe3 Rh1+ 36. Kg3 Bxc2 37. Nxc2 Rg1+ 38. Kf3 Rf1+ 39. Ke2 Rg1 40. Ne3 g6 41. Ba3 Kg8 42. Bxc5 Ra1 43. a4 Rb1 44. b4 h5 45. gxh5 gxh5 46. a5 h4 47. a6 h3 48. a7 Ra1 49. Kf3 h2 50. a8=Q+ Rxa8 51. Kg2 Ra2+ 52. Kh1 Re2 53. Nd5 Rc2 54. Nxc7 Rxc4 55. Kxh2 f5 56. Kg3 Kf7 57. Nb5 Kf6 58. Kf3 Ke5 59. Ke3 f4+ 60. Kd3 Rc1 61. Nd4 Kd5 62. Ne2 Rd1+ 63. Kc2 Rf1 64. Nc3+ Kc6 65. Kd3 f3 66. Ne4 Rb1 67. Ke3 f2 68. Kxf2 Rb2+ 69. Ke3 Kb5 70. Kd4 Rxb4+ 71. Kd5 Rxe4 72. Kxe4 1/2-1/2


[Site "https://www.chess.com"]

[Event "Titled Tuesday Blitz March 28 Early 2023"]
[White "Tregubov, Pavel V."]
[Black "Hajiyev, Kanan"]
[WhiteFideId "4115341"]
[BlackFideId "13404148"]
[WhiteElo "2425"]
[BlackElo "2103"]
[Result "0-1"]
[Round "08"]
[TimeControl "180+2"]
[Date "2023.03.28"]
[WhiteClock "0:00:01"]
[BlackClock "0:00:13"]

1. e4 c6 2. Nf3 d5 3. Nc3 a6 4. d4 Bg4 5. h3 Bh5 6. Bd3 e6 7. g4 Bg6 8. Ne5 Nf6 9. Nxg6 hxg6 10. e5 Nfd7 11. Ne2 c5 12. c3 Nc6 13. Be3 Qb6 14. Rb1 cxd4 15. cxd4 Nb4 16. a3 Nxd3+ 17. Qxd3 Rc8 18. Kf1 Be7 19. Kg2 Qb5 20. Qxb5 axb5 21. Rhc1 O-O 22. Nc3 b4 23. Nb5 b3 24. Rc3 Rxc3 25. bxc3 Nb6 26. Rxb3 Nc4 27. Na7 b6 28. Bc1 Ra8 29. Nb5 Ra5 30. f4 Kf8 31. Kf3 Ke8 32. Kg3 Kd7 33. h4 Kc6 34. Nd6 Bxd6 35. exd6 Kxd6 36. h5 gxh5 37. gxh5 Ke7 38. Kg4 Kf6 39. Rb4 Ra8 40. a4 Rh8 41. Rb5 g6 42. hxg6 Kxg6 43. f5+ Kf6 44. Bg5+ Kg7 45. fxe6 fxe6 46. Rb1 Rh2 47. Re1 Rg2+ 48. Kh5 Rh2+ 49. Kg4 Rg2+ 50. Kh5 Kf7 51. Rf1+ Ke8 52. Rf6 Kd7 53. Rf7+ Kc6 54. Re7 Kd6 55. Re8 Kd7 56. Re7+ Kd6 57. Re8 Rh2+ 58. Kg6 Rc2 59. Bf4+ Kd7 60. Kf7 Rf2 61. Re7+ Kd8 62. Kxe6 Rxf4 63. Rd7+ Kc8 64. Rxd5 Rf3 65. Rh5 Rxc3 66. Kd5 Kb7 0-1


[Site "https://www.chess.com"]

[Event "Titled Tuesday Blitz March 28 Early 2023"]
[White "Sochacki, Christophe"]
[Black "Zaragatski, Ilja"]
[WhiteFideId "662569"]
[BlackFideId "4655192"]
[WhiteElo "2474"]
[BlackElo "2460"]
[Result "1/2-1/2"]
[Round "08"]
[TimeControl "180+2"]
[Date "2023.03.28"]
[WhiteClock "0:00:02"]
[BlackClock "0:00:03"]

1. b3 d5 2. Nf3 c5 3. e3 a6 4. Bb2 Nc6 5. d4 cxd4 6. Nxd4 Nxd4 7. Qxd4 Nf6 8. c4 e6 9. cxd5 Qxd5 10. Qxd5 Nxd5 11. Nd2 Bd7 12. Rc1 Rc8 13. Rxc8+ Bxc8 14. Bd3 f6 15. Ke2 Kf7 16. Rc1 Be7 17. Nc4 Rd8 18. a3 Bd7 19. g3 Bb5 20. e4 Nb6 21. a4 Nxc4 22. Bxc4 Bc6 23. f3 Bb4 24. Bc3 Bxc3 25. Rxc3 Rd6 26. Ke3 Ke7 27. f4 e5 28. fxe5 fxe5 29. Bg8 h6 30. Rc5 Kf6 31. Bd5 Bxd5 32. exd5 Rb6 33. Rc3 Rb4 34. Kd2 e4 35. Kc2 Ke5 36. Rc7 Kxd5 37. Rxg7 e3 38. Re7 Kd4 39. Rd7+ Ke4 40. Rf7 Rb6 41. Rf4+ Ke5 42. b4 Rd6 43. Rf3 Ke4 44. Rf4+ Ke5 45. Rf3 Kd4 46. Rf4+ Ke5 1/2-1/2


[Site "https://www.chess.com"]

[Event "Titled Tuesday Blitz March 28 Early 2023"]
[White "Karamsetty, Jeevan"]
[Black "Ismagilov, Damir"]
[WhiteFideId "2025337"]
[BlackFideId "34199982"]
[WhiteElo "2111"]
[BlackElo "2078"]
[Result "0-1"]
[Round "08"]
[TimeControl "180+2"]
[Date "2023.03.28"]
[WhiteClock "0:00:12"]
[BlackClock "0:00:30"]

1. e4 e5 2. Nf3 Nc6 3. Bc4 d6 4. c3 Nf6 5. O-O Be7 6. d4 O-O 7. Nbd2 exd4 8. cxd4 d5 9. exd5 Nxd5 10. Nb3 Bg4 11. h3 Bh5 12. Be3 Bf6 13. Be2 Nxe3 14. fxe3 Re8 15. Qd3 Qe7 16. Kf2 Nb4 17. Qd2 Nd5 18. g4 Bg6 19. Bd3 Bh4+ 20. Kg1 Nxe3 21. Bxg6 Nxf1 22. Bxh7+ Kxh7 23. Rxf1 Bg3 24. Ng5+ Kg8 25. Rxf7 Qe1+ 26. Qxe1 Rxe1+ 27. Kg2 Bh4 28. Rf5 Re2+ 29. Kf3 Rf2+ 30. Ke4 Re8+ 0-1


[Site "https://www.chess.com"]

[Event "Titled Tuesday Blitz March 28 Early 2023"]
[White "Sanchez Alvares, Kelvin Antonio"]
[Black "Hardaway, Brewington"]
[WhiteFideId "3906680"]
[BlackFideId "30941849"]
[WhiteElo "2217"]
[BlackElo "2159"]
[Result "1-0"]
[Round "08"]
[TimeControl "180+2"]
[Date "2023.03.28"]
[WhiteClock "0:00:34"]
[BlackClock "0:00:04"]

1. e4 e5 2. Nf3 Nc6 3. d4 exd4 4. Nxd4 Bc5 5. Nb3 Bb6 6. Nc3 Nf6 7. Bg5 h6 8. Bh4 O-O 9. Qe2 Re8 10. O-O-O d6 11. f3 Be6 12. g4 Ne5 13. Bg3 Nxf3 14. Qxf3 Bxg4 15. Qd3 Bxd1 16. Qxd1 Nxe4 17. Nxe4 Rxe4 18. Bg2 Qg5+ 19. Kb1 Re3 20. Bxb7 Rb8 21. Bd5 a5 22. Rf1 Re7 23. a4 Rc8 24. Qf3 Kh8 25. h4 Qg6 26. h5 Qg5 27. Bf4 Qf6 28. Bd2 Qh4 29. Bc3 f6 30. Bc6 Re3 31. Qf5 Rf8 32. Bb5 Qg3 33. Bd3 Rxd3 34. Qxd3 Qg5 35. Qf5 Qh4 36. Qb5 Be3 37. Nxa5 Bg5 38. Nc6 Qxh5 39. a5 Qh3 40. a6 Ra8 41. a7 Qc8 42. Qb8 Be3 43. Qxc8+ Rxc8 44. Re1 Bxa7 45. Nxa7 Ra8 46. Nb5 Kh7 47. Nxc7 Rc8 48. Nd5 Rc4 49. Kc1 Kg6 50. Kd2 Rh4 51. Re2 Kf7 52. b4 Rh5 53. Ne3 Rb5 54. Kd3 h5 55. Kc4 Rb8 56. Nd5 Rc8+ 57. Kd4 h4 58. Be1 Rh8 59. b5 g5 60. b6 h3 61. Bg3 f5 62. Bxd6 f4 63. Nxf4 h2 64. Rxh2 Rxh2 65. Nd5 Rxc2 66. b7 Rb2 67. Bb4 1-0


[Site "https://www.chess.com"]

[Event "Titled Tuesday Blitz March 28 Early 2023"]
[White "Domingo Nunez, Alejandro"]
[Black "Arencibia Monduy, Antonio"]
[WhiteFideId "22245561"]
[BlackFideId "3507939"]
[WhiteElo "2230"]
[BlackElo "2514"]
[Result "1-0"]
[Round "08"]
[TimeControl "180+2"]
[Date "2023.03.28"]
[WhiteClock "0:00:34"]
[BlackClock "0:00:16"]

1. e4 e6 2. Nf3 d5 3. Nc3 dxe4 4. Nxe4 Nd7 5. d4 Ngf6 6. Nxf6+ Nxf6 7. Bd3 Be7 8. Qe2 O-O 9. Bg5 c5 10. O-O-O cxd4 11. h4 h6 12. Kb1 Bd7 13. Ne5 Bc6 14. Rh3 Qd5 15. Rg3 Kh8 16. Re1 Rae8 17. Qd2 Ng8 18. Qf4 Bf6 19. Ng4 Bxg5 20. hxg5 Qxg5 21. Qxg5 hxg5 22. Rh1+ Nh6 23. Nxh6 gxh6 24. Rxg5 1-0


[Site "https://www.chess.com"]

[Event "Titled Tuesday Blitz March 28 Early 2023"]
[White "Khumalo, Keith"]
[Black "Jaskolka, Tomasz"]
[WhiteFideId "14319470"]
[BlackFideId "1170791"]
[WhiteElo "2056"]
[BlackElo "2155"]
[Result "1-0"]
[Round "08"]
[TimeControl "180+2"]
[Date "2023.03.28"]
[WhiteClock "0:00:58"]
[BlackClock "0:00:09"]

1. d4 d5 2. c4 e5 3. dxe5 d4 4. Nf3 Nc6 5. Nbd2 Nge7 6. a3 a5 7. g3 Ng6 8. Bg2 Ngxe5 9. O-O Be7 10. Nxe5 Nxe5 11. b3 O-O 12. Bb2 c6 13. Qc2 d3 14. exd3 Qxd3 15. Qc1 Bf6 16. Ne4 Bf5 17. Nxf6+ gxf6 18. Qh6 Bg6 19. Rae1 Nf3+ 20. Bxf3 Qxf3 21. Re3 Qf5 22. Rfe1 Rad8 23. Qh4 Rd6 24. g4 Qg5 25. Qg3 Rd2 26. h4 Qc5 27. Bxf6 Qxa3 28. Qf4 Qd6 29. Be5 Qe6 30. Bc3 Qd7 31. Qf6 Qxg4+ 32. Rg3 1-0


[Site "https://www.chess.com"]

[Event "Titled Tuesday Blitz March 28 Early 2023"]
[White "Kaidanov, Gregory"]
[Black "Novikov, Evgenij"]
[WhiteFideId "2008564"]
[BlackFideId "4125380"]
[WhiteElo "2547"]
[BlackElo "2242"]
[Result "1-0"]
[Round "08"]
[TimeControl "180+2"]
[Date "2023.03.28"]
[WhiteClock "0:00:17"]
[BlackClock "0:00:01"]

1. Nf3 d6 2. d4 Nf6 3. c4 g6 4. Nc3 Bg7 5. e4 O-O 6. Be2 e5 7. O-O Nc6 8. d5 Ne7 9. Ne1 a5 10. Nd3 Nd7 11. Be3 f5 12. f3 f4 13. Bf2 b6 14. a3 Nc5 15. b4 axb4 16. axb4 Rxa1 17. Qxa1 Nb3 18. Qa7 Bd7 19. c5 bxc5 20. bxc5 Nd4 21. c6 Nxe2+ 22. Nxe2 Bc8 23. Nc3 Rf7 24. Nb5 Nxd5 25. exd5 g5 26. Nc3 g4 27. Rb1 Bf5 28. Rb8 Bc8 29. fxg4 f3 30. g3 Rf8 31. Ne4 Qe8 32. Qxc7 Qg6 33. Rxc8 Qxe4 34. Ne1 Qxd5 35. Rxf8+ Bxf8 36. Qd7 e4 37. c7 e3 38. Bxe3 Qe4 39. Bf2 d5 40. c8=Q 1-0


[Site "https://www.chess.com"]